[ AOE2 MATCH · #504986189 ]
UnrankedRomans vs Mongols
Player's team · LOSS
Rival team · WIN
[ REPLAY ANALYSIS · EXTRACTED FROM THE RECORDED GAME ]
Feudal
16:16
Castle
19:52
Imperial
—
| APM avg | 23.0 |
| APM peak | 60 |
| eAPM avg | 17.0 |
| Villagers / military | 85 / 19 |
Focus
⚔️ 15.9% · 🌾 84.1%
Militia ×11 · Battering Ram ×4 · Spearman ×3 · Mangonel ×1
Feudal
10:37
Castle
19:52
Imperial
35:42
| APM avg | 22.9 |
| APM peak | 48 |
| eAPM avg | 13.7 |
| Villagers / military | 61 / 6 |
Focus
⚔️ 30.6% · 🌾 69.4%
Monk ×3 · Mangonel ×3
Match map
Initial resources + every placement click. Lines = walls · curves = elevation contours. ◆ gold · ⬟ stone · ● berries · ✦ relic · ◌ wall gap
Your base· Open — opponent sealed themselves in
Alvice Gritti's base· ✓ Closed at 19:52 · 153t walls · no gate
Smoothed initial terrain · ◌ = detected wall gap · hover for details
Inputs per minute
— TheMangledBadger - - Alvice Gritti
Build order — TheMangledBadger
First 150 of 194 actions detected
| 0:00 | Create | Villager (Male) |
| 0:01 | Create | Villager (Male) |
| 0:03 | Build | House |
| 0:05 | Build | House |
| 0:28 | Create | Villager (Male) |
| 0:28 | Create | Villager (Male) |
| 0:28 | Create | Villager (Male) |
| 1:42 | Create | Villager (Male) |
| 1:45 | Create | Villager (Male) |
| 2:17 | Build | Lumber Camp |
| 2:39 | Create | Villager (Male) |
| 2:39 | Create | Villager (Male) |
| 3:02 | Create | Villager (Male) |
| 3:02 | Create | Villager (Male) |
| 3:03 | Create | Villager (Male) |
| 3:33 | Create | Villager (Male) |
| 3:34 | Create | Villager (Male) |
| 3:57 | Build | House |
| 4:07 | Create | Villager (Male) |
| 4:43 | Create | Villager (Male) |
| 4:44 | Create | Villager (Male) |
| 4:44 | Create | Villager (Male) |
| 4:44 | Create | Villager (Male) |
| 5:00 | Create | Villager (Male) |
| 5:12 | Build | Barracks |
| 5:58 | Build | House |
| 6:06 | Create | Villager (Male) |
| 6:07 | Create | Militia |
| 6:21 | Build | Palisade Gate |
| 6:27 | Create | Militia |
| 6:48 | Build | Palisade Gate |
| 6:52 | Create | Villager (Male) |
| 7:07 | Create | Villager (Male) |
| 7:09 | Build | House |
| 7:11 | Build | House |
| 7:24 | Create | Militia |
| 7:31 | Create | Militia |
| 7:47 | Create | Villager (Male) |
| 8:03 | Build | Mill |
| 8:10 | Create | Villager (Male) |
| 8:11 | Create | Villager (Male) |
| 8:34 | Create | Villager (Male) |
| 8:47 | Build | Farm |
| 9:02 | Create | Villager (Male) |
| 9:05 | Build | House |
| 9:37 | Build | Farm |
| 9:38 | Build | Farm |
| 9:42 | Build | Farm |
| 9:47 | Build | Farm |
| 9:48 | Create | Villager (Male) |
| 10:07 | Create | Villager (Male) |
| 10:09 | Build | Farm |
| 10:13 | Build | Farm |
| 10:17 | Build | Farm |
| 10:18 | Build | Farm |
| 10:19 | Create | Villager (Male) |
| 10:22 | Build | Farm |
| 10:25 | Build | Farm |
| 10:36 | Build | House |
| 10:38 | Build | House |
| 11:03 | Create | Villager (Male) |
| 11:03 | Create | Villager (Male) |
| 11:24 | Create | Villager (Male) |
| 11:26 | Build | House |
| 11:27 | Create | Villager (Male) |
| 11:31 | Build | Farm |
| 11:32 | Build | Farm |
| 11:35 | Build | Farm |
| 11:41 | Build | Farm |
| 11:43 | Create | Villager (Male) |
| 12:04 | Build | Farm |
| 12:15 | Build | House |
| 12:54 | Create | Villager (Male) |
| 12:59 | Build | Farm |
| 13:02 | Build | Lumber Camp |
| 13:11 | Build | Lumber Camp |
| 13:13 | Build | Farm |
| 13:24 | Build | House |
| 13:29 | Create | Villager (Male) |
| 13:57 | Research | Feudal Age |
| 14:34 | Create | Villager (Male) |
| 14:34 | Create | Villager (Male) |
| 16:16 | Age | Feudal Age |
| 16:20 | Research | Double-Bit Axe |
| 16:30 | Build | Market |
| 16:32 | Build | Blacksmith |
| 16:46 | Build | Lumber Camp |
| 17:12 | Research | Castle Age |
| 17:37 | Build | Farm |
| 17:39 | Build | Lumber Camp |
| 17:44 | Research | Man-at-Arms (upgrade) |
| 18:06 | Research | Horse Collar |
| 18:29 | Build | Farm |
| 18:38 | Build | Farm |
| 18:54 | Create | Villager (Male) |
| 18:55 | Create | Villager (Male) |
| 19:29 | Build | Farm |
| 19:52 | Age | Castle Age |
| 20:15 | Build | Castle |
| 20:27 | Research | Bow Saw |
| 20:29 | Create | Villager (Male) |
| 20:31 | Research | Wheelbarrow |
| 20:33 | Research | Loom |
| 20:41 | Build | Farm |
| 20:43 | Create | Villager (Male) |
| 21:05 | Create | Villager (Male) |
| 21:22 | Research | Heavy Plow |
| 21:50 | Build | Siege Workshop |
| 21:54 | Build | Siege Workshop |
| 21:56 | Build | Farm |
| 22:01 | Build | Farm |
| 22:04 | Build | Farm |
| 22:45 | Create | Battering Ram |
| 22:54 | Create | Villager (Male) |
| 22:54 | Create | Villager (Male) |
| 22:58 | Build | Lumber Camp |
| 23:05 | Create | Villager (Male) |
| 23:20 | Create | Militia |
| 23:20 | Create | Militia |
| 23:39 | Create | Villager (Male) |
| 24:04 | Create | Villager (Male) |
| 24:05 | Create | Villager (Male) |
| 24:46 | Build | Lumber Camp |
| 24:49 | Build | Blacksmith |
| 24:56 | Create | Villager (Male) |
| 25:19 | Create | Villager (Male) |
| 25:19 | Create | Villager (Male) |
| 25:36 | Research | Fletching |
| 26:11 | Create | Villager (Male) |
| 26:18 | Research | Bodkin Arrow |
| 26:20 | Create | Villager (Male) |
| 26:22 | Research | Hand Cart |
| 26:43 | Build | Town Center |
| 26:44 | Create | Villager (Male) |
| 26:50 | Create | Villager (Male) |
| 26:55 | Research | Town Watch |
| 27:00 | Research | Scale Mail Armor |
| 27:10 | Create | Villager (Male) |
| 27:21 | Create | Villager (Male) |
| 27:29 | Create | Villager (Male) |
| 27:33 | Build | Farm |
| 27:37 | Create | Villager (Male) |
| 27:53 | Build | Farm |
| 27:58 | Build | Lumber Camp |
| 28:11 | Create | Villager (Male) |
| 28:31 | Create | Villager (Male) |
| 28:32 | Create | Villager (Male) |
| 28:41 | Build | Farm |
| 29:00 | Create | Villager (Male) |
| 29:03 | Create | Battering Ram |
Build order — Alvice Gritti
First 150 of 200 actions detected
| 0:02 | Create | Villager (Male) |
| 0:04 | Build | House |
| 0:08 | Create | Villager (Male) |
| 0:44 | Create | Villager (Male) |
| 0:51 | Build | House |
| 0:52 | Build | House |
| 0:56 | Create | Villager (Male) |
| 1:28 | Research | Loom |
| 1:57 | Create | Villager (Male) |
| 2:21 | Create | Villager (Male) |
| 2:45 | Build | Palisade Wall |
| 2:55 | Build | House |
| 3:22 | Build | Palisade Wall |
| 3:25 | Create | Villager (Male) |
| 3:26 | Create | Villager (Male) |
| 3:56 | Create | Villager (Male) |
| 4:02 | Build | House |
| 4:06 | Build | Palisade Wall |
| 4:08 | Build | Palisade Wall |
| 4:13 | Build | Palisade Wall |
| 4:22 | Create | Villager (Male) |
| 4:50 | Build | Palisade Wall |
| 4:52 | Create | Villager (Male) |
| 5:14 | Create | Villager (Male) |
| 5:37 | Create | Villager (Male) |
| 5:59 | Build | Mill |
| 6:00 | Create | Villager (Male) |
| 6:17 | Build | Palisade Wall |
| 6:19 | Create | Villager (Male) |
| 6:50 | Create | Villager (Male) |
| 7:18 | Create | Villager (Male) |
| 7:21 | Build | Lumber Camp |
| 7:49 | Build | Palisade Wall |
| 8:27 | Research | Feudal Age |
| 8:45 | Build | Outpost |
| 9:21 | Build | Outpost |
| 9:59 | Build | Mining Camp |
| 10:06 | Create | Villager (Male) |
| 10:22 | Build | House |
| 10:37 | Age | Feudal Age |
| 10:42 | Build | Stone Wall |
| 10:50 | Build | Stone Wall |
| 10:52 | Build | Stone Wall |
| 10:58 | Build | Stone Wall |
| 11:03 | Build | Stone Wall |
| 11:09 | Build | Stone Wall |
| 11:12 | Build | Stone Wall |
| 11:13 | Create | Villager (Male) |
| 11:16 | Research | Town Watch |
| 11:22 | Build | Stone Wall |
| 11:25 | Build | Stone Wall |
| 11:26 | Build | Stone Wall |
| 11:41 | Create | Villager (Male) |
| 11:45 | Build | House |
| 11:55 | Create | Villager (Male) |
| 12:05 | Build | Stone Wall |
| 12:14 | Build | Stone Wall |
| 12:21 | Build | Stone Wall |
| 12:23 | Create | Villager (Male) |
| 12:35 | Build | Mining Camp |
| 12:50 | Build | Stone Wall |
| 13:03 | Build | Stone Wall |
| 13:03 | Create | Villager (Male) |
| 13:21 | Build | Stone Wall |
| 13:33 | Create | Villager (Male) |
| 13:49 | Build | Mill |
| 14:02 | Build | Mill |
| 14:08 | Create | Villager (Male) |
| 14:14 | Create | Villager (Male) |
| 14:18 | Build | Mill |
| 14:25 | Build | Stone Wall |
| 14:29 | Build | Stone Wall |
| 14:38 | Build | House |
| 14:43 | Create | Villager (Male) |
| 14:51 | Build | Stone Wall |
| 15:13 | Build | Market |
| 15:14 | Create | Villager (Male) |
| 15:49 | Build | Stone Wall |
| 15:52 | Create | Villager (Male) |
| 16:10 | Create | Villager (Male) |
| 16:16 | Build | Blacksmith |
| 16:40 | Create | Villager (Male) |
| 16:59 | Build | Stone Wall |
| 17:01 | Build | Stone Wall |
| 17:12 | Research | Castle Age |
| 17:14 | Build | Mill |
| 17:50 | Build | Stone Wall |
| 17:58 | Build | Stone Wall |
| 18:05 | Build | Stone Wall |
| 18:14 | Build | Lumber Camp |
| 18:19 | Research | Double-Bit Axe |
| 18:47 | Build | House |
| 18:48 | Build | House |
| 19:03 | Build | Stone Wall |
| 19:06 | Build | Stone Wall |
| 19:17 | Build | Stone Wall |
| 19:27 | Create | Villager (Male) |
| 19:51 | Research | Gold Mining |
| 19:52 | Age | Castle Age |
| 20:07 | Build | University |
| 20:19 | Build | Stone Wall |
| 20:36 | Build | Stone Wall |
| 20:38 | Create | Villager (Male) |
| 20:39 | Create | Villager (Male) |
| 20:47 | Build | Mining Camp |
| 20:53 | Research | Fortified Wall (upgrade) |
| 21:27 | Create | Villager (Male) |
| 21:32 | Build | House |
| 21:33 | Build | House |
| 21:43 | Create | Villager (Male) |
| 21:51 | Build | Mining Camp |
| 22:04 | Build | Mill |
| 22:08 | Build | Monastery |
| 22:10 | Create | Villager (Male) |
| 22:37 | Build | Watch Tower |
| 22:38 | Create | Villager (Male) |
| 22:54 | Create | Monk |
| 22:57 | Create | Monk |
| 23:15 | Build | Watch Tower |
| 23:15 | Create | Villager (Male) |
| 23:26 | Create | Villager (Male) |
| 23:46 | Build | Watch Tower |
| 23:59 | Build | Watch Tower |
| 24:00 | Create | Villager (Male) |
| 24:08 | Create | Villager (Male) |
| 24:11 | Build | House |
| 24:13 | Build | House |
| 24:17 | Build | House |
| 24:18 | Build | House |
| 24:24 | Research | Guard Tower (upgrade) |
| 24:40 | Create | Villager (Male) |
| 25:01 | Build | Watch Tower |
| 25:07 | Build | Watch Tower |
| 25:09 | Create | Villager (Male) |
| 25:17 | Build | Mill |
| 25:29 | Create | Villager (Male) |
| 25:32 | Research | Fletching |
| 25:55 | Create | Villager (Male) |
| 26:28 | Build | Watch Tower |
| 26:33 | Build | Watch Tower |
| 26:34 | Create | Villager (Male) |
| 26:44 | Research | Ballistics |
| 26:45 | Create | Villager (Male) |
| 27:16 | Build | Lumber Camp |
| 27:17 | Create | Villager (Male) |
| 27:23 | Build | Lumber Camp |
| 27:29 | Build | Outpost |
| 27:45 | Research | Bodkin Arrow |
| 27:50 | Build | Siege Workshop |
| 27:52 | Create | Villager (Male) |
Match timeline
| 2:45 | Alvice Gritti · wall_segment Palisade Wall x11 |
| 3:22 | Alvice Gritti · wall_segment Palisade Wall x12 |
| 4:06 | Alvice Gritti · wall_segment Palisade Wall x1 |
| 4:08 | Alvice Gritti · wall_segment Palisade Wall x1 |
| 4:13 | Alvice Gritti · wall_segment Palisade Wall x1 |
| 4:50 | Alvice Gritti · wall_segment Palisade Wall x7 |
| 5:12 | TheMangledBadger · first_building Barracks |
| 6:17 | Alvice Gritti · wall_segment Palisade Wall x6 |
| 7:49 | Alvice Gritti · wall_segment Palisade Wall x1 |
| 10:37 | Alvice Gritti · age_up feudal |
| 10:42 | Alvice Gritti · wall_segment Stone Wall x8 |
| 10:50 | Alvice Gritti · wall_segment Stone Wall x1 |
| 10:52 | Alvice Gritti · wall_segment Stone Wall x1 |
| 10:58 | Alvice Gritti · wall_segment Stone Wall x1 |
| 11:03 | Alvice Gritti · wall_segment Stone Wall x1 |
| 11:09 | Alvice Gritti · wall_segment Stone Wall x6 |
| 11:12 | Alvice Gritti · wall_segment Stone Wall x9 |
| 11:22 | Alvice Gritti · wall_segment Stone Wall x5 |
| 11:25 | Alvice Gritti · wall_segment Stone Wall x1 |
| 11:26 | Alvice Gritti · wall_segment Stone Wall x1 |
| 12:05 | Alvice Gritti · wall_segment Stone Wall x8 |
| 12:14 | Alvice Gritti · wall_segment Stone Wall x6 |
| 12:21 | Alvice Gritti · wall_segment Stone Wall x8 |
| 12:50 | Alvice Gritti · wall_segment Stone Wall x11 |
| 13:03 | Alvice Gritti · wall_segment Stone Wall x5 |
| 13:21 | Alvice Gritti · wall_segment Stone Wall x5 |
| 14:25 | Alvice Gritti · wall_segment Stone Wall x7 |
| 14:29 | Alvice Gritti · wall_segment Stone Wall x11 |
| 14:51 | Alvice Gritti · wall_segment Stone Wall x9 |
| 15:49 | Alvice Gritti · wall_segment Stone Wall x9 |
| 16:16 | TheMangledBadger · age_up feudal |
| 16:59 | Alvice Gritti · wall_segment Stone Wall x2 |
| 17:01 | Alvice Gritti · wall_segment Stone Wall x8 |
| 17:07 | TheMangledBadger · first_market_sell 100 wood |
| 17:50 | Alvice Gritti · wall_segment Stone Wall x14 |
| 17:58 | Alvice Gritti · wall_segment Stone Wall x10 |
| 18:05 | Alvice Gritti · wall_segment Stone Wall x7 |
| 18:24 | TheMangledBadger · first_market_buy 100 stone |
| 19:03 | Alvice Gritti · wall_segment Stone Wall x2 |
| 19:06 | Alvice Gritti · wall_segment Stone Wall x8 |
| 19:17 | Alvice Gritti · wall_segment Stone Wall x6 |
| 19:52 | TheMangledBadger · age_up castle |
| 19:52 | Alvice Gritti · age_up castle |
| 20:15 | TheMangledBadger · first_building Castle |
| 20:19 | Alvice Gritti · wall_segment Stone Wall x9 |
| 20:36 | Alvice Gritti · wall_segment Stone Wall x7 |
| 21:50 | TheMangledBadger · first_building Siege Workshop |
| 22:08 | Alvice Gritti · first_building Monastery |
| 26:37 | Alvice Gritti · first_market_buy 100 wood |
| 27:50 | Alvice Gritti · first_building Siege Workshop |
| 28:23 | Alvice Gritti · wall_segment Stone Wall x5 |
| 28:24 | Alvice Gritti · wall_segment Stone Wall x3 |
| 28:25 | Alvice Gritti · wall_segment Stone Wall x3 |
| 32:03 | Alvice Gritti · wall_segment Stone Wall x5 |
| 32:05 | Alvice Gritti · wall_segment Stone Wall x18 |
| 35:42 | Alvice Gritti · age_up imperial |
| 37:14 | TheMangledBadger · resign |
[ AI ANALYSIS · 1 CREDIT ]
What really happened in this match?
Wolo.gg analyzes every decision: build order, eco, micro, common mistakes by bracket. Personalized analysis on WhatsApp or Discord in 30 seconds.
Civ guide
Romans
Perfil
Jugador #775492